Description

pls dont use it bad

Build Order

Get SALT Encoding   

  12  0:02  Probe  
  13  0:12  Probe  
  14  0:17  Pylon  
  14  0:22  Action  Scouting Worker
  14  0:24  Probe  
  15  0:34  Probe  
  16  0:37  Gateway  
  16  0:46  Probe  
  17  0:57  Probe  
  18  1:12  Nexus  
  18  1:16  Assimilator  
  18  1:20  Probe  
  19  1:30  Probe  
  20  1:33  Cybernetics Core  
  20  1:38  Action  Move 3 Probes To Gas
  20  1:44  Probe  
  21  1:54  Probe  
  22  1:55  Pylon  
  22  2:05  Probe  
  23  2:06  Gateway, Warp Gate  
  23  2:15  Probe x3  
  26  2:45  Probe x3  
  28  2:46  Gateway, Robotics Facility, Assimilator  
  28  2:48  Probe  
  29  2:53  Gateway  
  29  2:56  Probe x3  
  32  3:07  Forge  
  32  3:09  Probe  
  33  3:14  Gateway  
  34  3:18  Probe x4  
  38  3:40  Action, Protoss Ground Armor Level 1  Move 3 Probes To Gas
  38  3:48  Action  Gateways To Warp Gates
  38  3:49  Gateway, Immortal  
  39  3:50  Probe x2  
  41  3:51  Assimilator x2  
  43  4:00  Gateway x2, Pylon  
  45  4:03  Probe x2  
  47  4:12  Action, Twilight Council  Move 3 Probes to Gas
  48  4:48  Probe x2, Dark Shrine, Pylon  
  51  4:49  Adept  
  51  4:50  Action, Observer, Pylon, Stalker, Gateway x2  Move 3 Probes to Gas
  59  5:08  Gateway x2, Templar Archives  
  61  5:17  Immortal  
  63  5:20  Pylon, Adept  
  67  5:25  Stalker  
  69  5:30  Stalker  
  71  5:35  Stalker  
  73  5:40  Stalker, Pylon  
  77  5:44  Stalker  
  78  5:49  Stalker  
  78  5:51  Adept  
  78  5:54  Adept  
  78  5:58  Stalker  
  78  5:51  Adept x2  
  78  5:58  Stalker  
  78  6:00  Adept  
Spawning Tool Build Advisor. Get it on Overwolf

Go to:

Details

  • Created by: Lushimi
  • Published on: Mar 25, 2017
  • Modified on: Mar 25, 2017
  • Patch: 3.8.0
Show
View Real Time Build Order
Export as new Build Order

Comments (0)

There are no comments. Be the first!

Create an account to comment!